 Dungeon Crawl Stone Soup version 0.29-a0-994-gc5c9f59d18 (webtiles) character file.

Game seed: 8379743238459480334

10353 Kinoniko the Carver (level 11, -5/88 HPs)
             Began as a Demonspawn Berserker on Aug 3, 2022.
             Was an Elder of Trog.
             Slain by a komodo dragon (13 damage)
             ... on level 10 of the Dungeon.
             The game lasted 00:18:37 (9333 turns).

Kinoniko the Carver (Demonspawn Berserker)          Turns: 9333, Time: 00:18:38

Health: -5/88      AC: 16    Str: 25    XL:     11   Next: 35%
Magic:  11/11      EV: 19    Int:  8    God:    Trog [****..]
Gold:   608        SH:  0    Dex: 18    Spells: 10/10 levels left

rFire   . . .      SeeInvis .   I - +2 falchion (elec)
rCold   . . .      Faith    .   (no shield)
rNeg    + . .      Spirit   .   c - +0 acid dragon scales
rPois   .          Reflect  .   (no helmet)
rElec   .          Harm     .   u - +2 cloak {rCorr}
rCorr   +          Rampage  .   p - +2 pair of gloves
Will    .....                   (no boots)
Stlth   +.........              (no amulet)
HPRegen 1.04/turn               o - +6 ring of dexterity
MPRegen 0.12/turn               h - ring of positive energy

@: confused, agile, about to teleport, ambrosia-drunk
A: yellow scales 2, foul stench 1, powered by pain 1, demonic touch 2,
regeneration 1, robust 1, strong 1
a: Renounce Religion, Berserk, Trog's Hand, Brothers in Arms


You were on level 10 of the Dungeon.
You worshipped Trog.
Trog was greatly pleased with you.
You visited 2 branches of the dungeon, and saw 12 of its levels.
You also visited: Bailey.

You collected 608 gold pieces.

Inventory:

Hand Weapons
 H - a +2 dagger of venom
 I - a +2 falchion of electrocution (weapon)
 M - a +2 great sword of protection
Missiles
 b - 2 curare-tipped darts
 E - 4 atropa-tipped darts (quivered)
 F - 18 boomerangs
Armour
 c - +0 acid dragon scales (worn)
 p - a +2 pair of gloves (worn)
 u - a +2 cloak of preservation (worn)
 v - a +1 scale mail of fire resistance
Jewellery
 h - a ring of positive energy (right hand)
 m - a ring of see invisible
 o - a +6 ring of dexterity (left hand)
 q - a ring of positive energy
 s - a +6 ring of intelligence
 z - a +6 ring of intelligence
 A - a ring of fire
 L - a ring of ice
Wands
 n - a wand of flame (67)
 B - a wand of mindburst (20)
 D - a wand of polymorph (7)
Scrolls
 f - a scroll of poison
 i - 4 scrolls of teleportation
 x - a scroll of vulnerability
Potions
 d - 3 potions of degeneration
 g - 6 potions of attraction
 j - a potion of mutation
 k - 3 potions of flight
 r - 4 potions of ambrosia
 t - a potion of might
 w - 2 potions of curing
 C - 2 potions of lignification
 J - a potion of resistance
Miscellaneous
 G - a lightning rod (4/4)


   Skills:
 + Level 5.6 Fighting
 * Level 14.8 Long Blades
 + Level 4.5 Armour
 + Level 4.5 Dodging


You had 10 spell levels left.
You didn't know any spells.
Your spell library contained the following spells:

 Spells                   Type           Power      Damage    Failure   Level
 Apportation              Tloc           0%         N/A       47%         1
 Freeze                   Ice            0%         1d3       47%         1
 Shock                    Conj/Air       0%         1d3       47%         1
 Slow                     Hex            0%         N/A       47%         1
 Ensorcelled Hibernation  Hex/Ice        0%         N/A       63%         2
 Passwall                 Tmut/Erth      0%         N/A       63%         2
 Static Discharge         Conj/Air       0%         3-3/arc   63%         2
 Confusing Touch          Hex            0%         N/A       85%         3
 Conjure Flame            Conj/Fire      0%         6-21      85%         3
 Frozen Ramparts          Ice            0%         1d8       85%         3
 Gell's Gravitas          Tloc           0%         N/A       85%         3
 Ignite Poison            Fire/Tmut/Pois 0%         N/A       85%         3
 Lesser Beckoning         Tloc           0%         N/A       85%         3
 Ozocubu's Armour         Ice            0%         N/A       85%         3
 Swiftness                Air            0%         N/A       85%         3
 Teleport Other           Tloc           0%         N/A       85%         3
 Vampiric Draining        Necr           0%         2d6       85%         3
 Airstrike                Air            0%         2d(0-16)  99%         4
 Dispel Undead            Necr           0%         3d6       99%         4
 Hailstorm                Conj/Ice       0%         3d3       99%         4
 Sticky Flame             Conj/Fire      0%         2d3       99%         4
 Metabolic Englaciation   Hex/Ice        0%         N/A       100%        5
 Simulacrum               Ice/Necr       0%         N/A       100%        6
 Ozocubu's Refrigeration  Ice            0%         4d7       100%        7


Dungeon Overview and Level Annotations

Branches:
Dungeon (11/15)            Temple (1/1) D:5            Lair (0/5) D:10
    Orc (0/2) D:10         Bailey (visited)

Altars:
Ashenzari
Cheibriados
Dithmenos
Fedhas
Gozag
Hepliaklqana
Kikubaaqudgha
Makhleb
Nemelex Xobeh
Okawaru
Qazlal
Ru
Sif Muna
Trog
Uskayaw
Vehumet
Wu Jian
Xom
Yredelemnul

Shops:
D:2 *   D:4 ?


Innate Abilities, Weirdness & Mutations

You are mostly covered in yellow scales. (AC +3)
You may rarely emit foul miasma when damaged in melee.
You sometimes gain a little power by taking damage.
Your touch may inflict irresistible damage on your foes.
Your natural rate of healing is unusually fast.
You are robust. (+10% HP)
Your muscles are strong. (Str +4, Int/Dex -1)


Message History

There is a stone staircase leading up here.
Unknown command.
Unknown command.
Unknown command.
Unknown command.
You don't know any spells.
The yak gores you!
* * * LOW HITPOINT WARNING * * *
You focus on the pain.
You feel agile all of a sudden.
The orc warrior hits you from afar with a +0 glaive.
* * * LOW HITPOINT WARNING * * *
The orc misses you. The troll barely misses you. The troll claws you.
* * * LOW HITPOINT WARNING * * *
The troll closely misses you.
You climb upwards.
There is a stone staircase leading down here.
Unknown command.
Unknown command.
Unknown command.
As you read the scroll of teleportation, it crumbles to dust.
You feel strangely unstable. The komodo dragon barely misses you.
The troll bites you.
* * * LOW HITPOINT WARNING * * *
The troll claws you but does no damage. x2; The orc misses you.
The yak misses you. x2
Unknown command.
Unknown command.
Unknown command.
You feel better. The komodo dragon closely misses you.
The troll barely misses you. The troll claws you!
* * * LOW HITPOINT WARNING * * *
The troll claws you!
* * * LOW HITPOINT WARNING * * *
The orc completely misses you. The yak completely misses you.
The yak barely misses you.
Unknown command.
You are confused.
You feel invigorated. The komodo dragon bites you!
You die...

.....#####'###...#######..'......
####.#...........##.......#......
#.#...........##.......#......
#.#........(..##.......#.#....
#.##############.......#.#....
####.######.......#######'#.#....
.....#....#.#####...........#....
.....#....#....Yo...........#####
.....#....#.....@T....###....#..#
....:#....#....lY.....###....#..'
.....#....########...........####
.....#.....>.....#...........# #
.....#......[....#..........#####
.....#...........####'#####......
.....#.....))....................
.....#.....)...........P.....P...
.....#.........................P.


You could see a komodo dragon, 2 yaks, a troll and an orc.

Vanquished Creatures
  Snorg (D:10)
  Fannar (D:10)
  3 two-headed ogres
  A deep elf pyromancer (D:7)
  A cyclops (D:7)
  A komodo dragon (D:10)
  3 trolls
  A slime creature (D:7)
  A hornet (D:9)
  2 shadows
  A vampire (D:10)
  A basilisk (D:7)
  An acid dragon (D:10)
  5 water moccasins
  6 orc warriors
  A sky beast (D:7)
  5 black bears
  A centaur (D:7)
  5 kobold brigands
  A phantom (D:7)
  4 bullfrogs
  A gnoll sergeant (D:7)
  2 scorpions
  13 wights
  6 killer bees (D:7)
  6 howler monkeys (D:8)
  2 electric eels (D:6)
  4 orc priests
  Crazy Yiuf (D:5)
  4 hounds
  A jelly (D:7)
  5 iguanas
  8 orc wizards
  4 adders
  3 shadow imps
  A white imp (D:6)
  5 ufetubi
  A dart slug (D:2)
  24 orcs
  5 ball pythons
  5 endoplasms
  4 giant cockroaches
  9 goblins
  8 hobgoblins
  7 jackals
  16 kobolds
  4 quokkas
  7 bats
  2 frilled lizards
  5 rats
209 creatures vanquished.

Vanquished Creatures (others)
  An orc wizard (D:11)
  30 fungi (D:10)
  16 plants (D:10)
47 creatures vanquished.

Grand Total: 256 creatures vanquished

Notes
Turn   | Place    | Note
-------+----------+-------------------------------------------
     0 | D:1      | Kinoniko the Demonspawn Berserker began the quest for the
                  | Orb.
     0 | D:1      | Reached XP level 1. HP: 18/18 MP: 1/1
   342 | D:1      | Reached skill level 3 in Long Blades
   342 | D:1      | Gained mutation: Your touch may inflict minor irresistible
                  | damage on your foes. [demonic ancestry]
   342 | D:1      | Reached XP level 2. HP: 22/24 MP: 2/2
   965 | D:2      | You fall into a shaft and drop 2 floors!
  1026 | D:4      | Reached ** piety under Trog
  1027 | D:4      | Reached XP level 3. HP: 29/29 MP: 3/3
  1127 | D:4      | Noticed a black bear
  1368 | D:2      | Reached skill level 4 in Long Blades
  1431 | D:2      | Identified the +0 robe of the Raven {rC+ Int+3}
  1596 | D:2      | Reached XP level 4. HP: 35/35 MP: 4/4
  1899 | D:2      | Found Unkap's General Store.
  1928 | D:2      | Found a faded altar of an unknown god.
  1931 | D:2      | Got Plato's Omnibus of Elsewhere
  2226 | D:3      | Found a shimmering altar of Xom.
  2229 | D:3      | Found a shimmering altar of Xom.
  2229 | D:3      | Found a radiant altar of Vehumet.
  2231 | D:3      | Found a shimmering altar of Xom.
  2231 | D:3      | Found a shadowy altar of Dithmenos.
  2231 | D:3      | Found a basalt altar of Yredelemnul.
  2464 | D:4      | Reached *** piety under Trog
  2709 | D:4      | Killed a black bear
  2710 | D:4      | Reached skill level 5 in Long Blades
  2710 | D:4      | Gained mutation: You are partially covered in yellow
                  | scales. (AC +2) [demonic ancestry]
  2710 | D:4      | Reached XP level 5. HP: 41/41 MP: 5/5
  2866 | D:4      | Found Fyry's Magic Scroll Boutique.
  3043 | D:5      | Entered Level 5 of the Dungeon
  3091 | D:5      | Reached skill level 6 in Long Blades
  3091 | D:5      | Gained mutation: You sometimes gain a little power by
                  | taking damage. [demonic ancestry]
  3091 | D:5      | Reached XP level 6. HP: 47/47 MP: 6/6
  3441 | D:5      | Found a staircase to the Ecumenical Temple.
  3486 | D:5      | Found a runed translucent door.
  3487 | D:5      | Noticed Crazy Yiuf
  3497 | D:5      | Killed Crazy Yiuf
  3502 | D:5      | Identified the +3 hammer "Wikhlev" {vorpal, Drain rC- Str+5
                  | SInv}
  3606 | Temple   | Entered the Ecumenical Temple
  3777 | D:6      | Noticed a water moccasin
  3782 | D:6      | Killed a water moccasin
  3783 | D:6      | Reached skill level 7 in Long Blades
  3783 | D:6      | Reached XP level 7. HP: 52/52 MP: 7/7
  4780 | D:7      | Found a stormy altar of Qazlal.
  4802 | D:7      | Reached skill level 8 in Long Blades
  4816 | D:7      | HP: 2/52 [killer bee (3)]
  4835 | D:7      | HP: 2/52 [poisoned by a killer bee]
  5251 | D:7      | Reached XP level 8. HP: 57/58 MP: 8/8
  5260 | D:7      | Reached skill level 9 in Long Blades
  5652 | D:7      | Noticed a cyclops
  5652 | D:7      | Noticed a slime creature
  5654 | D:7      | Noticed a troll
  5654 | D:7      | Noticed a deep elf pyromancer
  5661 | D:7      | Reached skill level 10 in Long Blades
  5669 | D:7      | Killed a cyclops
  5676 | D:7      | Gained mutation: Your muscles are strong. (Str +4, Int/Dex
                  | -1) [potion of mutation]
  5676 | D:7      | Gained mutation: You are robust. (+10% HP) [potion of
                  | mutation]
  5676 | D:7      | Gained mutation: Your natural rate of healing is unusually
                  | fast. [potion of mutation]
  5693 | D:7      | Killed a troll
  5694 | D:7      | Reached skill level 11 in Long Blades
  5694 | D:7      | Gained mutation: Your touch may inflict irresistible damage
                  | on your foes. [demonic ancestry]
  5694 | D:7      | Reached XP level 9. HP: 24/70 MP: 9/9
  5810 | D:7      | Killed a deep elf pyromancer
  5811 | D:7      | Reached skill level 12 in Long Blades
  5876 | D:7      | Identified the +1 plate armour "Xaitsef" {Harm rPois}
  6280 | D:7      | Reached skill level 13 in Long Blades
  6326 | D:8      | Gained mutation: You are mostly covered in yellow scales.
                  | (AC +3) [demonic ancestry]
  6326 | D:8      | Reached XP level 10. HP: 77/77 MP: 10/10
  6580 | D:8      | Found a shadowy altar of Dithmenos.
  7240 | D:9      | Found an iron altar of Okawaru.
  7390 | D:9      | Noticed a two-headed ogre
  7398 | D:9      | Killed a two-headed ogre
  7481 | D:9      | Paralysed by a hornet for 1 turns
  7515 | D:9      | Found a flagged portal.
  7532 | Bailey   | Entered a bailey
  7616 | Bailey   | Reached skill level 14 in Long Blades
  7729 | Bailey   | Noticed an orc knight
  8065 | D:10     | Entered Level 10 of the Dungeon
  8091 | D:10     | Noticed Fannar
  8107 | D:10     | Killed Fannar
  8165 | D:10     | Found a staircase to the Orcish Mines.
  8166 | D:10     | Noticed Snorg
  8172 | D:10     | Killed Snorg
  8232 | D:10     | Noticed a two-headed ogre
  8245 | D:10     | Killed a two-headed ogre
  8246 | D:10     | Gained mutation: You may rarely emit foul miasma when
                  | damaged in melee. [demonic ancestry]
  8246 | D:10     | Reached XP level 11. HP: 62/85 MP: 11/11
  8313 | D:10     | Reached skill level 5 in Fighting
  8317 | D:10     | Reached **** piety under Trog
  8375 | D:10     | Found a staircase to the Lair.
  8705 | D:10     | Noticed a two-headed ogre
  8712 | D:10     | Killed a two-headed ogre
  9332 | D:10     | HP: 3/88 [troll (11)]
  9333 | D:10     | Slain by a komodo dragon

Illustrated notes

Levels and vault maps discovered:
D:1:      beargit_arrival_greenhouse, layout_loops_ring
D:2:      layout_basic, shapermc_ecumenical_altar_rom_forum, serial_shops,
          nicolae_shop_statue_plus, grunt_ministairs_9
D:3:      layout_rooms, doesnt_xom_only_xom
D:4:      layout_loops_corners, serial_shops, shop
D:5:      layout_rooms, temple_statues, uniq_crazy_yiuf_cottage
D:6:      layout_rooms, kennysheep_generic_room_2
D:7:      minmay_the_grid_octo_triangle [minmay_the_grid_octo_concentric,
          minmay_the_grid_octo_prize_ultimate_mussel_roller,
          minmay_the_grid_octo_fat_diamond], layout_basic,
          mainiacjoe_overflow_tiny_flanked
D:8:      nicolae_cairo_tiling_very_big, layout_gridville, amcnicky_altar_gilded
D:9:      layout_small_grid, mainiacjoe_overflow_six_doors_small, enter_bailey_3
D:10:     layout_stronghold, due_lair_maze_entry_diamond, orc_0_dummy,
          blue_anna_alchemist, uniq_fannar, uniq_snorg
D:11:     layout_cave_pools, serial_shops, bzr_entry_road
Temple:   nicolae_temple_two_arcs

Skill      XL: |  1  2  3  4  5  6  7  8  9 10 11 |
---------------+----------------------------------+-----
Long Blades    | 3 4 5 6 7 8 11 13 14 | 14.8
Armour         | 3 4 |  4.5
Dodging        | 3 4 |  4.5
Fighting       | 4 5 |  5.6

Action                   |  1- 3 |  4- 6 |  7- 9 | 10-12 || total
-------------------------+-------+-------+-------+-------++-------
Melee: Falchion          |    88 |    35 |   118 |   239 ||   480
       Touch             |    18 |    16 |    42 |    45 ||   121
       Punch             |     1 |       |     2 |     4 ||     7
       Short sword       |       |    48 |    48 |       ||    96
       Long sword        |       |       |    60 |       ||    60
Invok: Berserk           |       |     5 |     9 |    13 ||    27
       Trog's Hand       |       |       |     3 |       ||     3
  Use: Scroll            |       |     7 |     8 |     8 ||    23
       Potion            |       |       |    11 |     2 ||    13
 Stab: Sleeping          |       |     1 |       |       ||     1
Armor: Animal skin       |     5 |       |       |       ||     5
       Ring mail         |    31 |    16 |       |       ||    47
       Scale mail        |       |    19 |    96 |    75 ||   190
       Skin              |       |       |    70 |       ||    70
       Acid dragon scale |       |       |       |    39 ||    39
Dodge: Dodged            |    44 |    38 |   110 |   119 ||   311

Table legend: (Time is in decaauts)
 A = Elapsed time spent in this place.
 B = Non-inter-level travel time spent in this place.
 C = Inter-level travel time spent in this place.
 D = Time resting spent in this place.
 E = Time spent auto-exploring this place.
 F = Levels seen in this place.
 G = Mean time per level.
                   A        B        C        D        E       F      G
               +--------+--------+--------+--------+--------+-----+--------+
         Total |   9450 |   9058 |    392 |   1927 |   5491 |  13 |  726.9 |
       Dungeon |   9121 |   8729 |    392 |   1880 |   5308 |  11 |  829.2 |
        Temple |    127 |    127 |      0 |      0 |    106 |   1 |  127.0 |
        Bailey |    200 |    200 |      0 |     46 |     77 |   1 |  200.0 |
               +--------+--------+--------+--------+--------+-----+--------+

Top non-repeatable levels by time:
     D:6: 1333 daAuts
    D:10: 1275 daAuts
     D:7: 1239 daAuts
     D:1: 948 daAuts
     D:4: 937 daAuts
     D:8: 872 daAuts
     D:9: 709 daAuts
     D:2: 654 daAuts
     D:5: 613 daAuts
     D:3: 522 daAuts
  Bailey: 200 daAuts
  Temple: 127 daAuts
    D:11: 15 daAuts
